 Dungeon Crawl Stone Soup version 0.30-a0-972-gf3ab3527aa (webtiles) character file.

Game seed: 14573140290133318620

46 oldriver the Ruffian (level 3, -6/36 HPs)
             Began as a Troll Chaos Knight on Apr 1, 2023.
             Was a Plaything of Xom.
             Mangled by Terence
             ... wielding a +0 flail of venom
              (8 damage)
             ... on level 2 of the Dungeon.
             The game lasted 00:01:24 (891 turns).

oldriver the Ruffian (Troll Chaos Knight)            Turns: 891, Time: 00:01:25

Health: -6/36      AC:  6    Str: 22    XL:     3   Next: 46%
Magic:  2/2        EV:  9    Int:  8    God:    Xom [....*.]
Gold:   129        SH:  0    Dex:  9    Spells: 2/2 levels left

rFire   . . .      SeeInvis .      - Unarmed
rCold   . . .      Faith    .    (no shield)
rNeg    . . .      Spirit   .    a - +2 robe
rPois   .          Reflect  .    (helmet restricted)
rElec   .          Rampage  .    (no cloak)
rCorr   .                        (gloves unavailable)
Will    .....                    (boots unavailable)
Stlth   +                        (no amulet)
HPRegen 1.06/turn                (no ring)
MPRegen 0.08/turn                (no ring)

@: lethally poisoned (-6 -> -12), hasted, very quick
A: large, unfitting armour, claws 3, regeneration 1, shaggy fur 1, tough skin 1
a: Renounce Religion


You were on level 2 of the Dungeon.
You worshipped Xom.
You were a beloved toy of Xom.
You visited 1 branch of the dungeon, and saw 2 of its levels.

You collected 129 gold pieces.

Inventory:

Armour
 a - a +2 robe (worn)
Jewellery
 g - a ring of wizardry
Scrolls
 c - 3 scrolls of teleportation {unknown}
 e - a scroll of enchant armour {unknown}
 f - a scroll of identify {unknown}
 h - a scroll of magic mapping {unknown}
 k - a scroll of vulnerability {unknown}
Potions
 j - a potion of cancellation
Miscellaneous
 b - a piece from Xom's chessboard (15/15) (quivered)


   Skills:
 + Level 2.9 Fighting
 - Level 1.9 Dodging
 * Level 4.1 Unarmed Combat


You had 2 spell levels left.
You didn't know any spells.
Your spell library was empty.

Dungeon Overview and Level Annotations

Branches:
Dungeon (2/15)

Altars:

Shops:
D:2 =

Annotations:
D:2 Terence


Innate Abilities, Weirdness & Mutations

You are too large for most types of armour.
You have claws for hands.
Your natural rate of healing is unusually fast.
You are covered in fur. (AC +1)
You have tough skin. (AC +1)


Message History

You barely miss Terence.
Terence is moderately wounded.
You feel very sick.
Terence hits you with a +0 flail of venom.
You are more poisoned.
You claw Terence!
Terence is almost dead.
You feel very sick.
Terence hits you with a +0 flail of venom.
A rat comes into view.
Okay, then.
You barely miss Terence.
Terence is almost dead.
You feel sick. Terence barely misses you.
You barely miss Terence.
Terence is almost dead.
You feel sick.
Terence hits you with a +0 flail of venom!
You are more poisoned.
You closely miss Terence.
Terence is almost dead.
* * * LOW HITPOINT WARNING * * *
You feel very sick.
It was a potion of cancellation.
You feel magically purged.
Xom is mildly amused.
* * * LOW HITPOINT WARNING * * *
You feel very sick.
Terence hits you with a +0 flail of venom.
* * * LOW HITPOINT WARNING * * *
You are more poisoned.
It was a potion of heal wounds.
You feel much better.
You feel very sick.
Terence hits you with a +0 flail of venom!
* * * LOW HITPOINT WARNING * * *
It was a potion of haste.
You feel yourself speed up.
Xom thinks this is hilarious!
* * * LOW HITPOINT WARNING * * *
You feel very sick.
Terence hits you with a +0 flail of venom!
You die...

.....# #...# .....# #..#
###### #.#. # #.# # #
########.# .# #
#......#.###### .## #
#.####.#.##...## ....
###.####.#.#.....##...?.
...........#....@@..$...
###.####.###.....#.r....
#.####........## ...>.
#...†...####..# ....
#######.# #..# #.# #.#
...# .. #.# .##.# #
#.##. #.# #... ..#


You could see Terence and a rat.

Vanquished Creatures
  An adder (D:2)
  A worm (D:2)
  A dart slug (D:1)
  An endoplasm (D:1)
  2 giant cockroaches
  5 goblins (D:1)
  2 hobgoblins (D:1)
  3 quokkas (D:1)
  2 ball pythons (D:1)
  7 bats (D:1)
  3 frilled lizards (D:1)
  A kobold (D:1)
  3 rats
32 creatures vanquished.

Vanquished Creatures (others)
  3 toadstools (D:1)
3 creatures vanquished.

Grand Total: 35 creatures vanquished

Notes
Turn   | Place    | Note
-------+----------+-------------------------------------------
     0 | D:1      | oldriver the Troll Chaos Knight began the quest for the
                  | Orb.
     0 | D:1      | Reached XP level 1. HP: 22/22 MP: 0/0
    88 | D:1      | Reached XP level 2. HP: 29/29 MP: 1/1
   338 | D:1      | XOM: silly message
   510 | D:1      | XOM: silly message
   521 | D:1      | Reached XP level 3. HP: 34/36 MP: 2/2
   775 | D:2      | XOM: enchant monster (good)
   778 | D:2      | Reached skill level 4 in Unarmed Combat
   820 | D:2      | Found Jotrid's Jewellery Shoppe.
   882 | D:2      | Noticed Terence
   889 | D:2      | HP: 1/36 [Terence/+0 flail of venom (6)]
   891 | D:2      | Mangled by Terence

Illustrated notes

Levels and vault maps discovered:
D:1:      heliophobic_arrival_enchanted_forest, layout_loops_ring,
          kennysheep_pointless_box, minmay_gold_behind_fungi, st_stairs_7
D:2:      layout_loops_cross, serial_shops, nicolae_square_shop,
          glass_columns_b, pf_guarded_unrand_delatra, uniq_sigmund, uniq_terence

Skill      XL: |  1  2  3 |
---------------+----------+-----
Unarmed Combat | 4 |  4.1
Fighting       | |  2.9
Dodging        | |  1.9

Action                     || total
---------------------------++-------
  Melee: Unarmed           ||    83
    Use: Potion            ||     3
   Stab: Paralysed         ||     2
 Armour: Robe              ||    31
  Dodge: Dodged            ||    32

Table legend: (Time is in decaauts)
 A = Elapsed time spent in this place.
 B = Non-inter-level travel time spent in this place.
 C = Inter-level travel time spent in this place.
 D = Time resting spent in this place.
 E = Time spent auto-exploring this place.
 F = Levels seen in this place.
 G = Mean time per level.
                   A        B        C        D        E       F      G
               +--------+--------+--------+--------+--------+-----+--------+
         Total |    885 |    852 |     33 |      0 |    629 |   2 |  442.5 |
       Dungeon |    885 |    852 |     33 |      0 |    629 |   2 |  442.5 |
               +--------+--------+--------+--------+--------+-----+--------+

Top non-repeatable levels by time:
     D:1: 767 daAuts
     D:2: 118 daAuts
